 Seeded DCSS version 0.26.1-11-gd32895ea62 (webtiles) character file.

Game seed: 36451945518704854 (custom seed)

18 Zeld the Sneak (level 2, 0/24 HPs)
             Began as a Human Delver on June 5, 2021.
             Was an Initiate of the Shining One.
             Succumbed to a kobold's poison
             ... on level 3 of the Dungeon.
             The game lasted 00:00:59 (1174 turns).

Zeld the Sneak (Human Delver)                       Turns: 1174, Time: 00:01:00

Health: 0/24       AC:  3    Str: 12    XL:     2   Next: 85%
Magic:  2/2        EV: 12    Int: 10    God:    the Shining One [......]
Gold:   74         SH:  0    Dex: 14    Spells: 1/1 levels left

rFire    . . .     SeeInvis .   a - +0 falchion
rCold    . . .     Faith    .   (no shield)
rNeg     . . .     Spirit   .   b - +0 leather armour
rPois    .         Reflect  .   (no helmet)
rElec    .         Harm     .   (no cloak)
rCorr    .         Rampage  .   (no gloves)
Will     .....                  (no boots)
Stlth    +.........             (no amulet)
HPRegen  0.08/turn              (no ring)
MPRegen  0.08/turn              (no ring)

@: lethally poisoned (0 -> -18), glowing
A: no striking features
a: Renounce Religion


You were on level 3 of the Dungeon.
You worshipped the Shining One.
The Shining One was noncommittal.
You visited 1 branch of the dungeon, and saw 3 of its levels.

You collected 74 gold pieces.

Inventory:

Hand Weapons
 a - a +0 falchion (weapon)
Armour
 b - a +0 leather armour (worn)
Wands
 g - a wand of digging (3)
 h - a wand of flame (26)
Scrolls
 c - a scroll of fog
 d - a scroll of magic mapping
 e - a scroll of fear
 i - a scroll of identify {unknown}
Potions
 f - a potion of haste
 j - a potion of curing {unknown}


   Skills:
 - Level 3.0 Fighting
 * Level 3.1 Long Blades
 - Level 2.0 Dodging
 - Level 5.0 Stealth


You had one spell level left.
You didn't know any spells.
Your spell library was empty.

Dungeon Overview and Level Annotations

Branches:
Dungeon (5/15)
 Temple: D:4-7

Altars:
The Shining One


Message History

You feel sick. The kobold barely misses you.
You riposte.
You closely miss the kobold. You hit the kobold but do no damage.
* * * LOW HITPOINT WARNING * * *
You feel sick. The kobold hits you with a +0 dagger.
* * * LOW HITPOINT WARNING * * *
You hit the kobold.
The kobold is heavily wounded.
* * * LOW HITPOINT WARNING * * *
You feel sick. The kobold hits you but does no damage.
Unknown command.
Unknown command.
Unknown command.
Unknown command.
Unknown command.
Unknown command.
The kobold throws a poisoned dart.
The poisoned dart hits you!
You are more poisoned.
You see here a poisoned dart.
You die...

##### #.....# #......#
#... .....#
##....###......# #...
......##.....#........#
#...
.......'.....#...#+####
#...
(......')((.#.........
#...
#......'.##K#.........
#...
#.....##.##(#.........#
#... #....#
####(..........## #...
##### ##@..........#
#... ##
#...........###... #..
##..........##.... #..
#.......#...##....
#+#...#.#.....####......
......#.#.....# #......
......._.)....# #......
......#.#.....# #......
..... #.......# #......


You could see a kobold.

Vanquished Creatures
  5 orcs (D:3)
  A goblin (D:3)
  A hobgoblin (D:3)
  A quokka (D:4)
  4 kobolds (D:3)
12 creatures vanquished.

Vanquished Creatures (others)
  9 toadstools (D:3)
9 creatures vanquished.

Grand Total: 21 creatures vanquished

Notes
Turn   | Place    | Note
-------+----------+-------------------------------------------
     0 | D:5      | Zeld the Human Delver began the quest for the Orb.
     0 | D:5      | Reached XP level 1. HP: 18/18 MP: 1/1
    35 | D:4      | Noticed an orc wizard
   523 | D:3      | Found a glowing golden altar of the Shining One.
   526 | D:3      | Became a worshipper of the Shining One
   578 | D:3      | Reached XP level 2. HP: 9/24 MP: 2/2
  1172 | D:3      | HP: 1/24 [poisoned by a kobold]
  1174 | D:3      | Succumbed to a kobold's poison

Illustrated notes

Levels and vault maps discovered:
D:3:      cheibrodos_fertilizer, layout_basic, lemuel_crystal_altar,
          pdpol_wu_jian_five_deadly_venoms
D:4:      layout_cave_pools, enter_ossuary_5, xom_teletrap_fun, uniq_eustachio
D:5:      layout_basic, serial_shops, shop

Skill      XL: |  1  2 |
---------------+-------+-----
Long Blades    | 3 |  3.1
Fighting       | |  3.0
Dodging        | |  2.0
Stealth        | |  5.0

Action                   || total
-------------------------++-------
Melee: Falchion          ||    38
  Use: Scroll            ||     1
Armor: Leather armour    ||     1
Dodge: Dodged            ||    22
       Rpst.: Falchion   ||     6
